 Dungeon Crawl Stone Soup version 0.20-a0-1025-g4706f7e (webtiles) character file.

702197 IKeelU3 the Cloud Mage (level 27, -4/210 HPs)
             Began as a Barachi Ice Elementalist on Apr 14, 2017.
             Was the Champion of Vehumet.
             Slain by a jiangshi (13 damage)
             ... led by a vampire mage
             ... on level 3 of the Crypt on Apr 19, 2017.
             The game lasted 08:21:22 (101926 turns).

IKeelU3 the Cloud Mage (Barachi Ice Elementalist) Turns: 101926, Time: 08:21:23

Health: -4/210     AC: 26    Str: 14    XL:     27
Magic:  62/62      EV: 16    Int: 52    God:    Vehumet [******]
Gold:   4994       SH:  5    Dex: 19    Spells: 0/67 levels left

rFire    + . .     SeeInvis +   p - +6 Majin-Bo {vamp, Archmagi MP+6 Int+6}
rCold    + . .     Gourm    .   (shield currently unavailable)
rNeg     + + .     Faith    .   a - +5 scale mail of Classification {Int+4 Dex+8 Slay-2 Stlth+}
rPois    .         Spirit   .   x - +1 helmet of the Manifold Songs {rF+ rC+ Int+2 Stlth+}
rElec    +         Reflect  +   W - +2 cloak of the Eight Boll Weevils {Str+2 Int+4 SInv}
rCorr    .         Harm     .   G - +0 pair of gloves of Utasch {Int+3}
MR       +++..                  Z - +2 pair of boots of Democracy {rElec MR+ Int+4}
Stlth    +++.......             q - +5 amulet of reflection
Regen    0.5/turn               b - ring of Abaotz {rN+ MP+9 Dex-3 Slay+3}
MPRegen  0.4/turn               C - ring of Otroshratt {rN+ Int+4 SInv}

@: about to teleport, can't hop, deflect missiles, slow
A: +LOS, swims, slowness 1, strong legs 2
}: 4/15 runes: barnacled, slimy, silver, gossamer
a: Hop, Renounce Religion


You were on level 3 of the Crypt.
You worshipped Vehumet.
Vehumet was exalted by your worship.
You were very hungry.

You visited 11 branches of the dungeon, and saw 53 of its levels.
You also visited: Ice Cave.

You collected 9934 gold pieces.
You spent 4940 gold pieces at shops.

Inventory:

Hand Weapons
 l - the +6 dagger of the Illusory Scars {drain, rF- Str+5 Dex+4}
   (You found it on level 2 of the Crypt)

   A truly terrible weapon, it drains the life of those it strikes.
   It affects your strength (+5).
   It affects your dexterity (+4).
   It makes you vulnerable to fire.
 p - the +6 Majin-Bo (weapon) {vamp, Archmagi MP+6 Int+6}
   (You found it on level 1 of the Crypt)

   It inflicts no extra harm, but heals its wielder when it wounds a living foe.
   It affects your intelligence (+6).
   It affects your magic capacity (+6).
 v - the +7 sceptre of Torment
   (You found it on level 2 of the Crypt)
 I - the +10 dagger of Buorr {freeze, rC+ Int+5 Stlth-}
   (You found it on level 12 of the Dungeon)

   It has been specially enchanted to freeze those struck by it, causing extra
   injury to most foes and up to half again as much damage against particularly
   susceptible opponents.
   It can also slow down cold-blooded creatures.
   It affects your intelligence (+5).
   It protects you from cold.
   It makes you less stealthy.
Armour
 a - the +5 scale mail of Classification (worn) {Int+4 Dex+8 Slay-2 Stlth+}
   (You bought it in a shop on level 12 of the Dungeon)

   It affects your intelligence (+4).
   It affects your dexterity (+8).
   It affects your accuracy and damage with ranged weapons and melee attacks
   (-2).
   It makes you more stealthy.
 x - the +1 helmet of the Manifold Songs (worn) {rF+ rC+ Int+2 Stlth+}
   (You took it off Robin on level 4 of the Dungeon)

   It affects your intelligence (+2).
   It protects you from fire.
   It protects you from cold.
   It makes you more stealthy.
 D - a +3 buckler of resistance
 G - the +0 pair of gloves of Utasch (worn) {Int+3}
   (You found it in an ice cave)

   It affects your intelligence (+3).
 W - the +2 cloak of the Eight Boll Weevils (worn) {Str+2 Int+4 SInv}
   (You bought it in a shop on level 3 of the Elven Halls)

   It affects your strength (+2).
   It affects your intelligence (+4).
   It lets you see invisible.
 Z - the +2 pair of boots of Democracy (worn) {rElec MR+ Int+4}
   (You found it on level 6 of the Lair of Beasts)

   It affects your intelligence (+4).
   It insulates you from electricity.
   It affects your resistance to hostile enchantments.
Magical Staves
 h - an uncursed staff of air
 j - an uncursed staff of death
Jewellery
 b - the ring of Abaotz (left hand) {rN+ MP+9 Dex-3 Slay+3}
   (You took it off an ironheart preserver on level 5 of the Vaults)

   [ring of magical power]

   It affects your dexterity (-3).
   It affects your accuracy and damage with ranged weapons and melee attacks
   (+3).
   It protects you from negative energy.
   It affects your magic capacity (+9).
 m - an uncursed ring of positive energy
 q - a +5 amulet of reflection (around neck)
 C - the ring of Otroshratt (right hand) {rN+ Int+4 SInv}
   (You took it off a deep elf demonologist on level 3 of the Elven Halls)

   [ring of intelligence]

   It affects your intelligence (+4).
   It protects you from negative energy.
   It lets you see invisible.
Wands
 e - a wand of clouds (2/9)
 i - a wand of confusion (29/48)
 o - a wand of disintegration (6/24)
 J - a wand of iceblast (6/15)
 N - a wand of scattershot (1/9)
 Q - a wand of digging (10/24)
 S - a wand of iceblast (6/15)
 U - a wand of flame (20/48)
Scrolls
 f - 12 scrolls of teleportation
 r - 13 scrolls of identify
 s - 5 scrolls of fear
 t - a scroll of holy word
 u - 6 scrolls of fog
 L - 4 scrolls of magic mapping
 X - 17 scrolls of remove curse
Potions
 d - 6 potions of resistance
 g - 3 potions of magic
 n - 5 potions of cancellation
 z - 21 potions of curing
 H - 10 potions of haste
Miscellaneous
 y - a fan of gales
 A - a lamp of fire
 T - a phial of floods
Comestibles
 c - 22 bread rations


   Skills:
 - Level 15.8 Fighting
 - Level 5.9 Staves
 - Level 15.0 Armour
 - Level 9.0 Dodging
 - Level 3.0 Stealth
 - Level 5.0 Shields
 - Level 20.5 Spellcasting
 - Level 21.2 Conjurations
 - Level 10.5 Charms
   Level 2.0 Summonings
 + Level 18.9 Fire Magic
 - Level 21.2 Ice Magic
 - Level 25.7 Air Magic
 - Level 8.4 Evocations


You couldn't memorise any spells.
You knew the following spells:

 Your Spells              Type           Power        Failure   Level  Hunger
a - Fireball              Conj/Fire      #########.   0%          5    None
b - Throw Frost           Conj/Ice       ######       0%          2    None
c - Ozocubu's Refrigerat  Ice            #########.   0%          6    None
d - Throw Icicle          Conj/Ice       ########     0%          4    None
e - Ignition              Fire           #########.   1%          8    None
f - Tornado               Air            #########.   1%          9    None
g - Orb of Destruction    Conj           #########.   1%          7    None
h - Deflect Missiles      Chrm/Air       #########.   1%          6    None
i - Freezing Cloud        Conj/Ice/Air   #########.   0%          6    None
j - Bolt of Fire          Conj/Fire      #########.   1%          6    None
k - Bolt of Cold          Conj/Ice       #########.   0%          6    None
l - Blink                 Tloc           N/A          1%          2    None


Dungeon Overview and Level Annotations

Branches:
Dungeon (15/15)            Temple (1/1) D:4            Lair (6/6) D:11
 Shoals (4/4) Lair:4       Spider (4/4) Lair:4        Slime (5/5) Lair:6
    Orc (2/2) D:12            Elf (3/3) Orc:2        Vaults (5/5) D:14
  Crypt (3/3) Vaults:3       Tomb (0/3) Crypt:3      Depths (5/5) D:15
    Zot (0/5) Depths:5

Altars:
Ashenzari
Cheibriados
Dithmenos
Elyvilon
Fedhas
Gozag
Hepliaklqana
Kikubaaqudgha
Makhleb
Nemelex Xobeh
Okawaru
Qazlal
Ru
Sif Muna
Trog
Uskayaw
Vehumet
Wu Jian
Xom
Yredelemnul
Zin
The Shining One
Beogh
Jiyva

Shops:
D:6 (   D:10 }   D:12 *   Orc:1 [[(   Orc:2 [([%   Elf:1 [   Elf:3 !*?*[
Shoals:3 }   Vaults:2 [   Vaults:4 (   Vaults:5 %   Depths:5 [==

Portals:
Hell: Depths:1 Depths:2 Depths:3 Depths:4 Depths:5
Abyss: Depths:1 Depths:4
Pandemonium: Depths:2 Depths:3 Depths:5
Ziggurat: Depths:4
Trove: Depths:1 (give 7 scrolls of blinking)


Innate Abilities, Weirdness & Mutations

Shadows flee at your approach. (+LOS)
You can swim through water.
You cover ground slowly.
You can hop longer distances.


Message History

* * * LOW HITPOINT WARNING * * *
The jiangshi draws strength from your injuries!
The jiangshi claws you but does no damage.
The jiangshi claws you.
* * * LOW HITPOINT WARNING * * *
The jiangshi claws you but does no damage.
The phantasmal warrior hits you!
* * * LOW HITPOINT WARNING * * *
You feel much better.
The jiangshi claws you but does no damage.
The jiangshi claws you.
* * * LOW HITPOINT WARNING * * *
The jiangshi claws you!
* * * LOW HITPOINT WARNING * * *
The jiangshi draws strength from your injuries!
The jiangshi misses you. The phantasmal warrior misses you.
The jiangshi claws you.
* * * LOW HITPOINT WARNING * * *
The jiangshi claws you!
You die...

,,,*,,*,,*****,,.♣♣♣..♣♣♣♣...♣♣♣♣
,,,,,,,*,,,**,*,♣.♣........♣♣♣ ♣
,*****,,,*,,,****#.♣..♣...z♣♣♣♣♣
,*,,,+,,,,,,,+,,,#...♣....♣.zz.♣♣
,*,,***#####***,,#.......♣..♣..♣.
******,..W...######......♣....♣.♣
*,,,,,,%W}|[..p...#.........♣Z...
**,,**,,,⌠,,,*#W.###........♣..♣♣
**,,**,,,,,,,*#V@###.......♣.....
*,,,,,,,......V.V.#..P........♣..
*,,,,,,*####....z.#....♣.###♣...♣
***+****,,,####'####.....#.......
**,,,**,,,,,**...*##.....#.(..#..
*,,******+***###.,#........#..#..
*,,* **,,,** *.,#..............
**,****,,,,,****.*##..♣..........
**,*⌠*,,,,,,,*⌠*,**############..


You could see a death knight, a skeletal warrior, 3 jiangshi and a phantasmal
warrior.

Vanquished Creatures
  the Royal Jelly (Slime:5)
  Mara (Depths:1)
  2 ancient liches
  4 juggernauts
  3 greater mummies (Crypt:2)
  Margery (Vaults:2)
  6 golden dragons
  8 caustic shrikes
  Arachne (Spider:2)
  Nikola (Shoals:2)
  Jory (Crypt:3)
  2 bone dragons
  Jorgrun (Spider:4)
  Rupert (Lair:4)
  3 tentacled monstrosities
  9 liches
  6 sphinxes
  8 titans
  3 quicksilver dragons
  3 deep elf blademasters
  29 acid blobs
  A deep elf master archer (Elf:3)
  4 ancient champions
  A kraken (Shoals:1)
  A draconian monk (Depths:5)
  5 storm dragons
  2 revenants (Crypt:2)
  6 shadow dragons
  10 tengu reavers
  12 azure jellies
  Ilsuiw (Shoals:4)
  10 deep elf sorcerers
  13 frost giants
  7 fire giants
  5 ghost moths
  A draconian knight (Depths:5)
  Louise (Spider:1)
  2 orc warlords
  14 vault wardens
  7 emperor scorpions
  5 deep elf elementalists
  Aizul (Elf:3)
  A caustic shrike skeleton (Depths:4)
  2 ghouls
  4 curse skulls
  7 spriggan defenders
  19 ironheart preservers
  A juggernaut skeleton (Depths:4)
  32 stone giants
  15 very ugly things
  A war gargoyle (Vaults:3)
  10 entropy weavers
  5 deep elf demonologists (Elf:3)
  2 purple draconians (Depths:5)
  9 deep elf annihilators
  2 yellow draconians (Depths:5)
  7 vampire knights
  A green draconian (Depths:5)
  18 spark wasps
  A white draconian (Depths:5)
  10 eidola
  5 merfolk javelineers
  3 mummy priests
  10 merfolk impalers
  3 blizzard demons
  Snorg (D:14)
  11 ettins
  2 quicksilver dragon zombies
  14 deep elf death magi
  11 death oozes
  7 deep elf high priests
  4 jiangshi
  14 great orbs of eyes
  Josephine (Lair:4)
  43 vault guards
  12 fire dragons
  Erolcha (D:11)
  22 yaktaur captains
  13 ice dragons
  A hell beast (Depths:5)
  6 catoblepae
  8 rakshasas
  6 hydras
  A merfolk aquamancer (Shoals:4)
  A merfolk avatar (Shoals:3)
  11 spriggan air magi
  6 death knights
  A queen ant (Spider:4)
  48 two-headed ogres
  26 dancing weapons
  10 vampire magi
  9 centaur warriors
  9 deep troll earth magi
  3 satyrs (Shoals:4)
  9 deep troll shamans
  2 titan zombies
  18 ogre magi
  A two-headed ogre (shapeshifter) (Depths:4)
  11 death yaks
  5 tengu warriors
  Urug (D:13)
  18 hell knights
  A large abomination (Vaults:5)
  The ghost of galech the Grappler, a novice TrMo of Cheibriados (D:8)
  7 orc high priests
  7 spriggan berserkers
  25 deep elf knights
  2 small abominations (Vaults:5)
  2 soul eaters
  A sun demon (Depths:3)
  22 skeletal warriors
  2 titan skeletons (Crypt:2)
  A shadow wraith (Vaults:1)
  A gelid demonspawn (Depths:5)
  A storm dragon skeleton (Crypt:2)
  An unseen horror (D:12)
  8 glowing orange brains
  An infernal demonspawn (Depths:5)
  11 sea snakes
  An anaconda zombie (Crypt:2)
  An iron troll (Depths:2)
  31 deep trolls
  12 flayed ghosts
  A kraken simulacrum (Shoals:4)
  A shadow dragon zombie (Crypt:2)
  A golden dragon zombie (Depths:4)
  23 deep elf archers
  23 ironbrand convokers
  A lindwurm (Lair:6)
  2 golden dragon skeletons
  9 wizards
  13 harpies
  13 necromancers
  A tengu zombie (Depths:4)
  86 deep elf magi
  12 phantasmal warriors
  23 ugly things
  19 orb spiders
  An orb spider (shapeshifter) (Depths:4)
  An oklob plant (Lair:3)
  7 orc sorcerers
  An iron dragon zombie (Crypt:2)
  A shadow dragon skeleton (Vaults:3)
  19 fauns
  3 stone giant zombies
  10 shining eyes
  6 cyclopes
  14 orc knights
  2 tengu skeletons
  11 manticores
  4 fire giant zombies
  An iron dragon skeleton (Crypt:1)
  37 wolf spiders
  A faun (shapeshifter) (Depths:5)
  A moth of wrath (shapeshifter) (Vaults:5)
  A moth of wrath (Spider:4)
  A frost giant skeleton (Vaults:3)
  5 centaur zombies
  24 elephants
  17 merfolk sirens
  A dire elephant zombie (Crypt:3)
  2 shock serpent zombies
  An orange demon (Depths:3)
  2 black mambas (shapeshifter)
  3 eyes of devastation
  4 black mambas
  20 vault sentinels
  3 ice statues
  2 smoke demons
  A water nymph (shapeshifter) (Depths:4)
  4 water nymphs
  A gargoyle (D:14)
  3 kobold demonologists
  2 torpor snails
  A dire elephant skeleton (Crypt:1)
  9 rime drakes
  13 spiny frogs
  2 centaur skeletons (D:15)
  An efreet (D:14)
  A hellion (Depths:3)
  A redback zombie (D:13)
  A pale draconian zombie (Crypt:2)
  3 anaconda simulacra (IceCv)
  7 komodo dragons
  An alligator snapping turtle skeleton (Crypt:2)
  A yaktaur skeleton (Vaults:3)
  2 guardian mummies (Crypt:3)
  A komodo dragon (shapeshifter) (Depths:3)
  17 freezing wraiths
  A hellwing (Depths:4)
  A human skeleton (Vaults:3)
  A hydra zombie (Crypt:3)
  9 ice devils
  3 red devils
  10 demonic crawlers
  48 yaktaurs
  4 tengu conjurers
  4 meliai
  7 polar bears
  A queen bee (shapeshifter) (Vaults:2)
  A troll (shapeshifter) (Depths:4)
  A wind drake (shapeshifter) (Elf:2)
  31 merfolk
  A meliai (shapeshifter) (Depths:3)
  10 trolls
  170 slime creatures
  26 jumping spiders
  4 tyrant leeches (Spider:2)
  Grinder (D:5)
  Prince Ribbit (D:7)
  A jumping spider zombie (Crypt:2)
  21 hornets
  A slime creature (shapeshifter) (Vaults:5)
  11 blink frogs
  A frost giant simulacrum (Vaults:1)
  3 wind drakes
  2 ice dragon zombies
  2 bog bodies (Crypt:2)
  5 dream sheep
  13 hippogriffs
  8 snapping turtles
  A meliai zombie (D:13)
  2 redbacks (shapeshifter)
  3 centaur simulacra
  A black mamba zombie (Crypt:3)
  7 flying skulls
  2 spriggans (shapeshifter)
  15 spriggans
  An ice dragon skeleton (Crypt:2)
  31 tarantellas
  86 redbacks
  13 water elementals
  13 air elementals
  A tarantella (shapeshifter) (Vaults:4)
  A vampire (D:14)
  2 wyverns
  A hog (shapeshifter) (Vaults:1)
  A shadow (Crypt:2)
  26 yaks
  A wyvern (shapeshifter) (Vaults:2)
  4 fire elementals
  3 basilisks
  16 wraiths
  A ynoxinul (Depths:3)
  2 basilisks (shapeshifter)
  A yak (shapeshifter) (Vaults:5)
  8 golden eyes
  2 humans (shapeshifter)
  6 hungry ghosts
  10 vampire mosquitoes
  6 iron troll simulacra (IceCv)
  2 nagas (shapeshifter)
  Menkaure (D:6)
  2 acid dragons (Vaults:2)
  A harpy simulacrum (IceCv)
  16 wargs
  24 soldier ants
  15 water moccasins
  4 hydra simulacra (IceCv)
  A merfolk skeleton (Crypt:1)
  2 floating eyes (Depths:3)
  7 porcupines
  A floating eye (shapeshifter) (Vaults:1)
  A swamp drake (shapeshifter) (Depths:2)
  56 orc warriors
  A manticore zombie (Crypt:3)
  7 ice beasts
  3 phantoms
  8 black bears
  Purgy (D:4)
  2 necrophages
  3 snapping turtle zombies (Crypt:3)
  6 sky beasts
  A swamp dragon zombie (Crypt:3)
  6 wolves (Lair:6)
  12 boggarts
  A centaur (shapeshifter) (Vaults:5)
  32 ogres
  7 eyes of draining
  17 centaurs
  9 crocodiles
  8 big kobolds
  22 bullfrogs
  A salamander skeleton (Crypt:1)
  A spiny frog simulacrum (Crypt:2)
  7 earth elementals
  14 wyvern skeletons (Crypt:3)
  4 scorpions
  A warg skeleton (Crypt:2)
  A manticore simulacrum (Crypt:1)
  13 killer bees
  16 wights
  2 electric eels
  6 howler monkeys
  5 crimson imps
  2 draconian simulacra (IceCv)
  4 quasits
  2 bullfrog zombies (D:12)
  A human zombie (Crypt:3)
  43 orc priests
  4 hounds
  5 jellies
  A gnoll shaman (D:8)
  Crazy Yiuf (D:5)
  5 iron imps
  45 orc wizards
  A bullfrog skeleton (D:5)
  4 iguanas
  27 worker ants
  A polar bear simulacrum (IceCv)
  A troll simulacrum (IceCv)
  A spriggan simulacrum (IceCv)
  2 wolf simulacra (IceCv)
  A felid skeleton (Crypt:2)
  A crocodile skeleton (Crypt:2)
  A hound zombie (D:4)
  A hound skeleton (D:8)
  A mummy (Crypt:3)
  Robin (D:4)
  A howler monkey zombie (D:6)
  2 worker ant zombies
  8 gnolls
  7 adders
  5 naga simulacra (IceCv)
  2 ogre simulacra (IceCv)
  7 shadow imps
  13 white imps
  5 ufetubi (IceCv)
  2 oozes
  An ooze (shapeshifter) (Depths:4)
  3 adder zombies
  2 worms
  2 dart slugs (D:1)
  4 leopard geckos
  129 orcs
  6 giant cockroaches
  10 goblins
  6 hobgoblins
  22 jackals
  20 kobolds
  5 quokkas
  3 ball pythons
  9 bats
  6 frilled lizards
  A jackal skeleton (D:7)
  A jackal zombie (D:5)
  A leopard gecko zombie (Crypt:1)
  A quokka zombie (D:5)
  9 rats
  13 crawling corpses
  2 fungi (Lair:6)
  11 plants
  A tentacle (Shoals:1)
  12 withered plants
2891 creatures vanquished.

Vanquished Creatures (collateral kills)
  A merfolk impaler (Shoals:4)
  A merfolk javelineer (Shoals:4)
  A hydra (Lair:1)
  2 elephants
  A demonic crawler (Spider:3)
  A queen bee (Lair:2)
  A polar bear (Lair:2)
  4 dream sheep (Lair:4)
  A yak (D:9)
  A tarantella (Spider:2)
  2 wraiths
  A hydra simulacrum (IceCv)
  A water moccasin (Lair:6)
  An ice beast (D:7)
  2 black bears (Lair:2)
  An orc warrior (D:6)
  An ogre (D:8)
  A centaur (D:9)
  12 killer bees
  A howler monkey (D:9)
  A bullfrog zombie (D:11)
  An orc priest (D:8)
  A polar bear simulacrum (IceCv)
  An orc (D:9)
41 creatures vanquished.

Vanquished Creatures (others)
  A lich (Depths:4)
  A vault warden (Vaults:1)
  An orc warlord (D:14)
  3 stone giants
  A deep elf death mage (Elf:3)
  5 yaktaur captains
  A tengu warrior (Depths:5)
  A vampire mage (Depths:4)
  A deep elf knight (Elf:3)
  A shadow wraith (Vaults:4)
  A deep elf archer (Elf:3)
  11 yaktaurs
  3 merfolk
  A swamp worm (shapeshifter) (Depths:3)
  4 orc warriors
  2 centaurs (D:11)
  A white imp (IceCv)
  2 ufetubi (IceCv)
  A bush (Lair:6)
  21 fungi
  33 plants
  3 tentacles (Shoals:1)
  12 toadstools (Lair:5)
  16 withered plants
127 creatures vanquished.

Grand Total: 3059 creatures vanquished

Notes
Turn   | Place    | Note
-------+----------+-------------------------------------------
     0 | D:1      | IKeelU3 the Barachi Ice Elementalist began the quest for the Orb.
     0 | D:1      | Reached XP level 1. HP: 13/13 MP: 3/3
   198 | D:1      | Reached XP level 2. HP: 19/19 MP: 2/5
   710 | D:1      | Reached XP level 3. HP: 24/24 MP: 0/7
   943 | D:1      | Learned a level 2 spell: Throw Frost
   947 | D:1      | Learned a level 3 spell: Ozocubu's Armour
  1370 | D:2      | Reached skill level 5 in Ice Magic
  1826 | D:3      | Reached XP level 4. HP: 25/30 MP: 5/8
  2403 | D:3      | Reached XP level 5. HP: 13/35 MP: 1/9
  2756 | D:3      | Learned a level 4 spell: Throw Icicle
  2858 | D:4      | Noticed an ogre
  3294 | D:4      | Reached XP level 6. HP: 34/41 MP: 7/10
  3422 | D:4      | Found a staircase to the Ecumenical Temple.
  3758 | D:4      | Noticed Robin
  3766 | D:4      | Killed Robin
  3853 | D:4      | Got a fine helmet
  3859 | D:4      | Identified the +1 helmet of the Manifold Songs {rF+ rC+ Int+2 Stlth+} (You took it off Robin on level 4 of the Dungeon)
  4063 | D:4      | Noticed Purgy
  4074 | D:4      | Killed Purgy
  4074 | D:4      | Reached XP level 7. HP: 16/46 MP: 5/13
  4511 | D:4      | Reached skill level 5 in Spellcasting
  4575 | Temple   | Entered the Ecumenical Temple
  4672 | Temple   | Became a worshipper of Vehumet
  4716 | D:5      | Entered Level 5 of the Dungeon
  4768 | D:5      | Learned a level 4 spell: Summon Ice Beast
  4881 | D:5      | Found a hazy altar of Hepliaklqana.
  4883 | D:5      | Found an iron altar of Okawaru.
  4887 | D:5      | Found an opulent altar of Gozag.
  4954 | D:5      | Found a shattered altar of Ashenzari.
  5069 | D:5      | Found a bloodstained altar of Trog.
  5069 | D:5      | Found a deep blue altar of Sif Muna.
  5449 | D:5      | Noticed Grinder
  5721 | D:5      | Reached XP level 8. HP: 52/52 MP: 11/16
  5808 | D:5      | Found a runed door.
  6051 | D:5      | Reached skill level 1 in Summonings
  6626 | D:5      | Paralysed by Grinder for 3 turns
  6631 | D:5      | Killed Grinder
  6859 | D:5      | Found a sparkling altar of Nemelex Xobeh.
  6924 | D:5      | Reached * piety under Vehumet
  6924 | D:5      | Offered knowledge of Sandblast by Vehumet.
  7315 | D:5      | Noticed Crazy Yiuf
  7319 | D:5      | Killed Crazy Yiuf
  7391 | D:6      | Reached skill level 5 in Conjurations
  7660 | D:6      | Noticed Menkaure
  8145 | D:6      | Found Atsemuz's Weapon Boutique.
  8632 | D:6      | Killed Menkaure
  8632 | D:6      | Reached XP level 9. HP: 57/57 MP: 5/18
  8998 | D:7      | Found a shadowy altar of Dithmenos.
  9225 | D:7      | Noticed Prince Ribbit
  9603 | D:7      | Reached skill level 10 in Ice Magic
  9911 | D:7      | Killed Prince Ribbit
  9914 | D:7      | Offered knowledge of Shock by Vehumet.
  9930 | D:7      | Reached ** piety under Vehumet
 10535 | D:8      | Found a hazy altar of Hepliaklqana.
 10590 | D:8      | Noticed galech's ghost (novice TrMo)
 11145 | D:8      | Killed galech's ghost
 11145 | D:8      | Reached XP level 10. HP: 29/63 MP: 0/19
 12259 | D:9      | Reached skill level 1 in Armour
 12445 | D:9      | Offered knowledge of Stone Arrow by Vehumet.
 12527 | D:9      | Learned a level 3 spell: Stone Arrow
 12863 | D:9      | Reached skill level 1 in Shields
 13205 | D:10     | Entered Level 10 of the Dungeon
 13836 | D:10     | Reached *** piety under Vehumet
 14434 | D:10     | Found Qifopoak's Gadget Emporium.
 14456 | D:10     | Noticed a two-headed ogre
 14461 | D:10     | Killed a two-headed ogre
 14461 | D:10     | Reached XP level 11. HP: 68/68 MP: 11/22
 14558 | D:10     | Noticed a wizard
 14565 | D:10     | Killed a wizard
 14814 | D:10     | Found an iron altar of Okawaru.
 15036 | D:11     | Reached skill level 15 in Ice Magic
 15321 | D:11     | Offered knowledge of Ignite Poison by Vehumet.
 15321 | D:11     | Reached skill level 1 in Fighting
 15557 | D:11     | Reached skill level 1 in Charms
 15964 | D:11     | Noticed a two-headed ogre
 15967 | D:11     | Killed a two-headed ogre
 16071 | D:11     | Reached **** piety under Vehumet
 16119 | D:11     | Found a staircase to the Lair.
 16294 | D:11     | Noticed Erolcha
 16340 | D:11     | Killed Erolcha
 16718 | Lair:1   | Entered Level 1 of the Lair of Beasts
 16781 | Lair:1   | Noticed a six-headed hydra
 16795 | Lair:1   | Offered knowledge of Lightning Bolt by Vehumet.
 16846 | Lair:1   | Killed a six-headed hydra
 16846 | Lair:1   | Reached XP level 12. HP: 83/83 MP: 0/24
 16853 | Lair:1   | Learned a level 5 spell: Lightning Bolt
 17155 | Lair:1   | Reached skill level 1 in Air Magic
 17368 | Lair:1   | Reached skill level 2 in Air Magic
 17662 | Lair:1   | Reached skill level 5 in Fighting
 18037 | Lair:1   | Reached skill level 5 in Shields
 18037 | Lair:1   | Reached skill level 3 in Air Magic
 18516 | Lair:2   | Reached skill level 4 in Air Magic
 19041 | Lair:2   | Reached skill level 5 in Dodging
 19100 | Lair:2   | Reached skill level 5 in Air Magic
 19945 | Lair:2   | Reached skill level 5 in Armour
 20103 | Lair:3   | Reached ***** piety under Vehumet
 20186 | Lair:3   | Noticed an eight-headed hydra
 20193 | Lair:3   | Killed an eight-headed hydra
 20193 | Lair:3   | Offered knowledge of Irradiate by Vehumet.
 21387 | Lair:3   | Reached skill level 10 in Spellcasting
 21391 | Lair:3   | Identified the Papyrus of Augmentations
 21403 | Lair:3   | Learned a level 6 spell: Deflect Missiles
 21581 | Lair:4   | Gained mutation: You can hop longer distances. [Barachi growth]
 21581 | Lair:4   | Reached XP level 13. HP: 91/91 MP: 11/27
 21584 | Lair:4   | Reached skill level 6 in Air Magic
 21661 | Lair:4   | Noticed Rupert
 21863 | Lair:4   | Reached skill level 7 in Air Magic
 21930 | Lair:4   | Found a staircase to the Shoals.
 22058 | Lair:4   | Found a hole to the Spider Nest.
 22671 | Lair:5   | Reached skill level 8 in Air Magic
 22677 | Lair:5   | You fall through a shaft!
 22677 | Lair:6   | Entered Level 6 of the Lair of Beasts
 23493 | Lair:5   | Noticed Josephine
 23673 | Lair:4   | Reached skill level 10 in Conjurations
 24230 | Lair:4   | Killed Josephine
 24989 | Lair:5   | Reached skill level 5 in Charms
 25029 | Lair:5   | Found a runed door.
 25857 | Lair:5   | Reached skill level 1 in Evocations
 26472 | Lair:6   | Reached XP level 14. HP: 105/105 MP: 16/28
 27000 | Lair:5   | Reached skill level 5 in Evocations
 27858 | Lair:6   | Offered knowledge of Freezing Cloud by Vehumet.
 28172 | Lair:6   | Reached skill level 9 in Air Magic
 28290 | Lair:6   | Learned a level 6 spell: Freezing Cloud
 28326 | Lair:6   | Found a viscous altar of Jiyva.
 28331 | Lair:6   | Found a staircase to the Slime Pits.
 28979 | Lair:6   | Got a pair of pitted boots
 28985 | Lair:6   | Identified the +2 pair of boots of Democracy {rElec MR+ Int+4} (You found it on level 6 of the Lair of Beasts)
 29029 | Lair:6   | Reached skill level 10 in Air Magic
 29404 | D:12     | Found Nuacimab's Assorted Antiques.
 29557 | D:12     | Bought an ancient scale mail for 261 gold pieces
 29557 | D:12     | Bought a knobbly moonstone ring for 145 gold pieces
 29571 | D:12     | Identified the +5 scale mail of Classification {Int+4 Dex+8 Slay-2 Stlth+} (You bought it in a shop on level 12 of the Dungeon)
 29591 | D:12     | Bought a scroll of identify for 58 gold pieces
 29859 | D:12     | Got a sapphire dagger
 29860 | D:12     | Identified the +10 dagger of Buorr {freeze, rC+ Int+5 Stlth-} (You found it on level 12 of the Dungeon)
 29884 | D:12     | Got a bronze ring mail
 30779 | D:12     | Found a staircase to the Orcish Mines.
 30794 | D:12     | Identified the +4 ring mail of Free Expression {MR++} (You found it on level 12 of the Dungeon)
 30816 | Orc:1    | Entered Level 1 of the Orcish Mines
 30821 | Orc:1    | Noticed a stone giant
 30826 | Orc:1    | Killed a stone giant
 30826 | Orc:1    | Reached skill level 11 in Air Magic
 30831 | Orc:1    | Reached XP level 15. HP: 113/113 MP: 7/30
 31186 | Orc:1    | Found Anomefy's Weapon Emporium.
 31213 | Orc:1    | Found Rastiest's Antique Armour Shoppe.
 31353 | Orc:1    | Offered knowledge of Ozocubu's Refrigeration by Vehumet.
 31369 | Orc:1    | Found Voatoeho's Antique Armour Boutique.
 31401 | Orc:1    | Bought a shimmering plate armour for 784 gold pieces
 31606 | Orc:1    | Identified the +2 plate armour "Getsuisy" {rElec} (You bought it in a shop on level 1 of the Orcish Mines)
 31872 | Lair:1   | Learned a level 6 spell: Ozocubu's Refrigeration
 32068 | Orc:2    | Entered Level 2 of the Orcish Mines
 32073 | Orc:2    | Noticed an orc warlord
 32580 | Orc:2    | Killed an orc warlord
 32721 | Orc:2    | Found a staircase to the Elven Halls.
 33172 | Orc:2    | Reached skill level 12 in Air Magic
 33543 | Orc:2    | Found Jinit's Weapon Shoppe.
 33543 | Orc:2    | Found Ziaqoh's Food Emporium.
 33543 | Orc:2    | Found Lodaor's Armour Emporium.
 33546 | Orc:2    | Found Adghin's Antique Armour Shoppe.
 33885 | Orc:2    | Bought a runed buckler for 262 gold pieces
 33898 | Orc:2    | Bought a spiked scarf for 350 gold pieces
 33908 | Orc:2    | Identified the scarf of Wrong Decisions {rPois rN+ Str-4} (You bought it in a shop on level 2 of the Orcish Mines)
 33913 | Orc:2    | Bought a scarf of resistance for 448 gold pieces
 34335 | D:12     | Offered knowledge of Poison Arrow by Vehumet.
 34831 | D:13     | Noticed Urug
 35332 | D:13     | Killed Urug
 36620 | D:14     | Found a gate to the Vaults.
 36704 | D:14     | Noticed Snorg
 36739 | D:14     | Found a glowing golden altar of the Shining One.
 37375 | D:14     | Killed Snorg
 37677 | D:14     | Offered knowledge of Bolt of Cold by Vehumet.
 37838 | D:14     | Noticed an orc warlord
 37838 | D:14     | Reached XP level 16. HP: 120/120 MP: 25/31
 37840 | D:14     | Found a roughly hewn altar of Beogh.
 38153 | D:14     | Found a stormy altar of Qazlal.
 38220 | D:15     | Entered Level 15 of the Dungeon
 38552 | D:15     | Reached skill level 15 in Conjurations
 38891 | D:15     | Found a staircase to the Depths.
 39417 | D:15     | Found a snail-covered altar of Cheibriados.
 39508 | D:15     | Offered knowledge of Conjure Ball Lightning by Vehumet.
 39919 | Elf:1    | Entered Level 1 of the Elven Halls
 40252 | Elf:1    | Found Hirylotu's Antique Armour Boutique.
 40767 | Elf:1    | Bought a faintly humming scale mail for 306 gold pieces
 41511 | Elf:1    | Reached XP level 17. HP: 125/126 MP: 22/35
 41688 | Elf:1    | Identified the cursed +0 scale mail of Gohameb {rC+ rN+ rCorr} (You bought it in a shop on level 1 of the Elven Halls)
 42012 | Lair:1   | Learned a level 5 spell: Iskenderun's Battlesphere
 42280 | Shoals:1 | Entered Level 1 of the Shoals
 42408 | Shoals:1 | You fall through a shaft!
 42408 | Shoals:2 | Noticed Nikola
 42422 | Shoals:2 | Killed Nikola
 42444 | Shoals:1 | Reached skill level 15 in Spellcasting
 43224 | Shoals:1 | Noticed a kraken
 43230 | Shoals:1 | Killed a kraken
 44160 | Shoals:2 | Reached skill level 10 in Charms
 44396 | Shoals:2 | Reached ****** piety under Vehumet
 44646 | Shoals:3 | Found a frozen archway.
 44650 | Shoals:3 | Offered knowledge of Bolt of Fire by Vehumet.
 44668 | IceCv    | Entered an ice cave
 44685 | IceCv    | Learned a level 6 spell: Bolt of Fire
 44976 | IceCv    | Reached skill level 1 in Fire Magic
 46094 | IceCv    | Offered knowledge of Lehudib's Crystal Spear by Vehumet.
 46094 | IceCv    | Offered knowledge of Tornado by Vehumet.
 46094 | IceCv    | Offered knowledge of Ignition by Vehumet.
 46203 | IceCv    | Identified the Papyrus of Good Luck and Envenoming
 46212 | IceCv    | Got a pair of jewelled gloves
 46509 | Shoals:3 | Identified the cursed +0 pair of gloves of Utasch {Int+3} (You found it in an ice cave)
 46600 | Shoals:3 | Found Houst's Gadget Emporium.
 46659 | Shoals:3 | Reached skill level 5 in Fire Magic
 47553 | Shoals:4 | Entered Level 4 of the Shoals
 47722 | Shoals:4 | Reached skill level 10 in Fighting
 47875 | Shoals:4 | Reached XP level 18. HP: 82/136 MP: 31/37
 48715 | Shoals:4 | Noticed Ilsuiw
 48727 | Shoals:4 | Killed Ilsuiw
 49316 | Shoals:4 | Reached skill level 13 in Air Magic
 49481 | Shoals:4 | Got a barnacled rune of Zot
 49625 | Shoals:4 | Got a twisted ring mail
 49868 | Lair:1   | Identified the +0 ring mail of the Shrike {MR++ Int+2 Stlth+} (You found it on level 4 of the Shoals)
 50003 | Lair:4   | Killed Rupert
 50382 | Spider:1 | Entered Level 1 of the Spider Nest
 50388 | Spider:1 | Reached skill level 14 in Air Magic
 50469 | Spider:1 | Noticed Louise
 50638 | Spider:1 | Killed Louise
 51699 | Spider:2 | Reached skill level 15 in Air Magic
 52586 | Spider:2 | Noticed Arachne
 52596 | Spider:2 | Killed Arachne
 52612 | Spider:2 | Reached XP level 19. HP: 119/146 MP: 12/38
 54011 | Spider:4 | Entered Level 4 of the Spider Nest
 54753 | Spider:4 | Noticed Jorgrun
 55047 | Spider:4 | Killed Jorgrun
 58091 | Spider:4 | Got a gossamer rune of Zot
 58342 | Lair:1   | Upgraded the game from 0.20-a0-1008-g0de3dc5 to 0.20-a0-1015-g2ec8a95
 58426 | Vaults:1 | Entered Level 1 of the Vaults
 58474 | Vaults:1 | Reached XP level 20. HP: 142/153 MP: 20/40
 60129 | Vaults:1 | Reached skill level 16 in Air Magic
 61081 | Vaults:2 | Found Eqesauhi's Antique Armour Shop.
 61296 | Lair:1   | Learned a level 5 spell: Fireball
 61390 | Vaults:2 | Reached skill level 17 in Air Magic
 61399 | Vaults:2 | Noticed Margery
 61718 | Vaults:2 | Reached XP level 21. HP: 53/159 MP: 36/42
 61722 | Vaults:2 | Killed Margery
 62056 | Vaults:2 | Reached skill level 18 in Air Magic
 63185 | Vaults:2 | Reached skill level 19 in Air Magic
 64385 | Vaults:3 | Found a staircase to the Crypt.
 65198 | Vaults:3 | Reached skill level 20 in Air Magic
 67183 | Vaults:4 | Reached XP level 22. HP: 142/165 MP: 27/43
 67194 | Vaults:4 | Reached skill level 21 in Air Magic
 67543 | Vaults:4 | Reached XP level 23. HP: 171/171 MP: 44/44
 67684 | Vaults:4 | Found Sodydoox's Antique Weapon Emporium.
 67981 | Vaults:4 | Reached skill level 22 in Air Magic
 69936 | Elf:2    | Got a slimy war axe
 69937 | Elf:2    | Identified the cursed +1 war axe of Qukliuc {vamp, rPois Int+3 Stlth+} (You found it on level 2 of the Elven Halls)
 70188 | Elf:2    | Reached skill level 23 in Air Magic
 70351 | Elf:2    | Found a huge runed gate.
 70351 | Elf:2    | Found a huge runed gate.
 70351 | Elf:2    | Found a huge runed gate.
 70352 | Elf:2    | Found a huge runed gate.
 70352 | Elf:2    | Found a huge runed gate.
 72407 | Elf:3    | Entered Level 3 of the Elven Halls
 72423 | Elf:3    | Learned a level 6 spell: Bolt of Cold
 72452 | Elf:3    | Found Xifibanu's Antique Armour Shop.
 72461 | Elf:3    | Bought a scorched cloak for 180 gold pieces
 72461 | Elf:3    | Bought a translucent ring mail for 171 gold pieces
 72481 | Elf:2    | Identified the +2 cloak of the Eight Boll Weevils {Str+2 Int+4 SInv} (You bought it in a shop on level 3 of the Elven Halls)
 72493 | Elf:2    | Learned a level 9 spell: Tornado
 72530 | Elf:2    | Identified the cursed +0 ring mail of Kurinuid {rPois MR+ Int+2 Slay+2} (You bought it in a shop on level 3 of the Elven Halls)
 72547 | Elf:3    | Noticed Aizul
 72550 | Elf:3    | Killed Aizul
 72577 | Elf:3    | Found Doohij's General Store.
 72577 | Elf:3    | Found Neovvues's Distillery.
 72579 | Elf:3    | Found Honaz's Assorted Antiques.
 72582 | Elf:3    | Found Jeuskon's Magic Scroll Boutique.
 72601 | Elf:3    | Bought a scroll of teleportation for 57 gold pieces
 72604 | Elf:3    | Bought a potion of resistance for 160 gold pieces
 72604 | Elf:3    | Bought a potion of heal wounds for 80 gold pieces
 72604 | Elf:3    | Bought a potion of resistance for 160 gold pieces
 72604 | Elf:3    | Bought a potion of resistance for 160 gold pieces
 73494 | Elf:3    | Reached skill level 24 in Air Magic
 73503 | Elf:3    | Reached XP level 24. HP: 164/178 MP: 12/44
 74108 | Elf:3    | Got a slimy copper ring
 74186 | Elf:3    | Identified the ring of Zuw Kouk {rPois rF+ SInv} (You took it off a deep elf death mage on level 3 of the Elven Halls)
 74426 | Elf:3    | Got a twitching granite ring
 74444 | Elf:3    | Got a jewelled scimitar
 74448 | Elf:3    | Identified Xiwo's Grimoire of Confrontation
 74464 | Elf:3    | Got a smoking ring mail
 74499 | Elf:3    | Identified the +6 scimitar of Compulsion {antimagic, *Contam +Inv rPois SInv} (You found it on level 3 of the Elven Halls)
 74524 | Elf:3    | Identified the ring of Otroshratt {rN+ Int+4 SInv} (You took it off a deep elf demonologist on level 3 of the Elven Halls)
 74547 | Elf:3    | Identified the +1 ring mail of Serendipity {rPois} (You found it on level 3 of the Elven Halls)
 74646 | Elf:3    | Got a smoking hunting sling
 74647 | Elf:3    | Identified the +3 hunting sling "Hell-Harrower" {venom, +Inv} (You found it on level 3 of the Elven Halls)
 74751 | Elf:3    | Got a distressingly furry cloak
 74762 | Elf:3    | Identified the +0 cloak "Difuipluim" {Dex+2} (You found it on level 3 of the Elven Halls)
 74808 | Elf:3    | Got a slimy ring mail
 74829 | Elf:3    | Identified the cursed +0 ring mail of Yesterday {Str+5 Int-3} (You found it on level 3 of the Elven Halls)
 75232 | Lair:1   | Upgraded the game from 0.20-a0-1015-g2ec8a95 to 0.20-a0-1018-ge435b50
 75358 | Depths:1 | Entered Level 1 of the Depths
 75657 | Depths:1 | Found a gateway to Hell.
 75908 | Depths:1 | Found a portal to a secret trove of treasure.
 76163 | Depths:1 | Noticed Mara
 76168 | Depths:1 | Killed Mara
 76548 | Depths:1 | Found a one-way gate to the infinite horrors of the Abyss.
 76920 | Depths:2 | Noticed a juggernaut
 76927 | Depths:2 | Killed a juggernaut
 77321 | Depths:2 | Reached XP level 25. HP: 177/184 MP: 40/45
 77363 | Depths:2 | Found a one-way gate leading to the halls of Pandemonium.
 77738 | Depths:2 | Noticed a juggernaut
 77979 | Depths:2 | Killed a juggernaut
 78748 | Depths:2 | Got a faintly glowing gossamer ring
 78883 | Depths:2 | Identified the ring of Jutoc {rN+ Stlth+} (You took it off a spriggan air mage on level 2 of the Depths)
 78895 | Depths:2 | Got a fine chain mail
 78896 | Depths:2 | Identified the +6 chain mail of the Curious Tales {MR+} (You found it on level 2 of the Depths)
 79272 | Lair:1   | Learned a level 7 spell: Orb of Destruction
 79964 | Depths:3 | Paralysed by a sphinx for 2 turns
 79976 | Depths:3 | Noticed a juggernaut
 80005 | Depths:3 | Killed a juggernaut
 81102 | Depths:3 | Reached XP level 26. HP: 139/191 MP: 29/47
 81785 | Depths:4 | Found a gateway to a ziggurat.
 82587 | Depths:4 | Noticed a juggernaut
 82750 | Depths:4 | Killed a juggernaut
 83308 | Depths:4 | Got a dazzling ring mail
 83309 | Depths:4 | Identified the +3 ring mail "Lemmar" {Int+3} (You found it on level 4 of the Depths)
 83541 | Depths:4 | Got a smoking hand axe
 83549 | Depths:4 | Identified the +7 hand axe "Imp's Death Toll" {vamp, +Fly rElec rC+ Int+2} (You found it on level 4 of the Depths)
 83664 | Depths:4 | Reached XP level 27. HP: 197/197 MP: 45/47
 84373 | Depths:5 | Entered Level 5 of the Depths
 84373 | Depths:5 | Found Zezyleorr's Jewellery Boutique.
 84738 | Depths:5 | Found Ynaih's Jewellery Shoppe.
 85320 | Depths:5 | Found Enkil's Armour Boutique.
 85559 | Depths:5 | Reached skill level 15 in Fighting
 85813 | Depths:5 | Found a gate to the Realm of Zot.
 86188 | Depths:5 | Bought a +4 ring of intelligence for 459 gold pieces
 86188 | Depths:5 | Bought an uncursed ring of resist corrosion for 340 gold pieces
 86188 | Depths:5 | Bought the ring of the Omega Point {*Corrode +Fly rF+ rC+} for 559 gold pieces
 86603 | Vaults:5 | Entered Level 5 of the Vaults
 86607 | Vaults:5 | Reached skill level 10 in Fire Magic
 87460 | Vaults:5 | Got a scorched shield
 87471 | Vaults:5 | Identified the +5 shield "Qibofruz" {Dex+4} (You found it on level 5 of the Vaults)
 87855 | Vaults:5 | Noticed an ancient lich
 87863 | Vaults:5 | Killed an ancient lich
 88299 | Vaults:5 | Reached skill level 25 in Air Magic
 88306 | Vaults:5 | Got a fine hunting sling
 88621 | Vaults:5 | Got an ichor-stained morningstar
 88920 | Vaults:5 | Got an iridescent quarterstaff
 88955 | Vaults:5 | Identified the +6 hunting sling "Ehicwaar" {velocity, rPois Str+2 Dex+2 Stlth-} (You took it off an orc warlord on level 5 of the Vaults)
 88956 | Vaults:5 | Identified the +9 morningstar of Tuxaf {antimagic, -Tele Int+6} (You found it on level 5 of the Vaults)
 88962 | Vaults:5 | Got a warped ring mail
 89079 | Vaults:5 | Got a silver rune of Zot
 89134 | Vaults:5 | Got a coiled pewter ring
 89311 | Vaults:5 | Identified the ring of Abaotz {rN+ MP+9 Dex-3 Slay+3} (You took it off an ironheart preserver on level 5 of the Vaults)
 89349 | Vaults:5 | Identified the +0 ring mail of Tartarus {rPois} (You found it on level 5 of the Vaults)
 89381 | Vaults:5 | Got a bloodstained flail
 89441 | Vaults:5 | Found Fizycrist's Food Shoppe.
 89450 | Vaults:5 | Got a crude turquoise ring
 89452 | Vaults:5 | Identified the ring "Sovitsoc" {rElec rPois Stlth+} (You found it on level 5 of the Vaults)
 89988 | Lair:1   | Identified the cursed +1 flail of Accord {distort, Dex+5} (You found it on level 5 of the Vaults)
 90050 | Lair:1   | Identified the cursed +0 quarterstaff of Karma {venom, Str+3 Int+3} (You found it on level 5 of the Vaults)
 90106 | Lair:1   | Upgraded the game from 0.20-a0-1018-ge435b50 to 0.20-a0-1025-g4706f7e
 90116 | Lair:1   | Learned a level 2 spell: Blink
 90142 | Lair:1   | Learned a level 8 spell: Ignition
 90272 | Slime:1  | Entered Level 1 of the Pits of Slime
 90553 | Slime:1  | Reached skill level 10 in Armour
 92610 | Slime:5  | Entered Level 5 of the Pits of Slime
 92727 | Slime:5  | Noticed the Royal Jelly
 93174 | Slime:5  | Killed the Royal Jelly
 93623 | Slime:5  | Reached skill level 15 in Fire Magic
 94186 | Slime:5  | Got a smoking great sword
 94190 | Slime:5  | Got a distressingly furry ring mail
 94195 | Slime:5  | Got a smoking hand crossbow
 94226 | Slime:5  | Got a flickering golden ring
 94228 | Slime:5  | Got a slimy rune of Zot
 94230 | Slime:5  | Got a jewelled war axe
 94267 | Slime:5  | Identified the Catalogue of Helpful Clay
 94290 | Slime:5  | Identified the ring of Freedom {rElec Dex+4} (You found it on level 5 of the Pits of Slime)
 94326 | Slime:5  | Identified the Collected Works on Congealing Creation
 94343 | Slime:5  | Identified the +2 ring mail of Ibiasi Nuq {rF- Str+4 Int+4} (You found it on level 5 of the Pits of Slime)
 94353 | Slime:5  | Identified the +4 great sword of Lina Bao {slice, rC++} (You found it on level 5 of the Pits of Slime)
 94354 | Slime:5  | Identified the +10 war axe of Iconoclasm {flame, rF- MR+ Str+2 Int+4} (You found it on level 5 of the Pits of Slime)
 94355 | Slime:5  | Identified the +6 hand crossbow of the Magi {velocity, +Blink rF- Int+4 Dex+5} (You found it on level 5 of the Pits of Slime)
 94361 | Slime:5  | Identified Magic for Rookies
 95680 | Crypt:1  | Entered Level 1 of the Crypt
 96074 | Crypt:1  | Noticed an ancient lich
 96233 | Crypt:1  | Killed an ancient lich
 97070 | Crypt:1  | Reached skill level 15 in Armour
 97327 | Crypt:2  | Got a slimy dagger
 97328 | Crypt:2  | Identified the +6 dagger of the Illusory Scars {drain, rF- Str+5 Dex+4} (You found it on level 2 of the Crypt)
 97799 | Crypt:2  | Found an ancient bone altar of Kikubaaqudgha.
 97830 | Crypt:2  | Reached skill level 1 in Staves
 98786 | Crypt:2  | Noticed a greater mummy
 98790 | Crypt:2  | Noticed a greater mummy
 98790 | Crypt:2  | Killed a greater mummy
 98792 | Crypt:2  | Killed a greater mummy
 98792 | Crypt:2  | Reached skill level 5 in Staves
 98793 | Crypt:2  | Noticed a greater mummy
 99343 | Crypt:2  | Killed a greater mummy
 99710 | Crypt:3  | Entered Level 3 of the Crypt
100638 | Crypt:3  | Noticed Jory
100644 | Crypt:3  | Killed Jory
101925 | Crypt:3  | HP: 3/210 [phantasmal warrior (11)]
101926 | Crypt:3  | Slain by a jiangshi

Vault maps used:
D:1:      sevenhm_arrival_forest_fort_large_1
D:2:      minmay_misc_feat_more_columns
D:3:      first_bread
D:4:      minmay_temple_entry_poolview, uniq_purgy, uniq_robin
D:5:      wad_river_or_something, grunt_temple_overflow_open, basic_altar,
          nemelex_diamond_rough_becter, uniq_crazy_yiuf_cottage, uniq_grinder
D:6:      serial_shops, shop_coins, uniq_menkaure
D:7:      grunt_ogre_cave, solitary_fountain, grunt_dithmenos_smoke_and_mirrors,
          uniq_prince_ribbit1
D:8:      lemuel_doored_altar
D:9:      minmay_goldmine
D:10:     serial_shops, shop_fountains, corner_web_ring,
          okawaru_metal_pillars_1_2
D:11:     grunt_lair_entry_orc_guard_hut, uniq_erolcha
D:12:     minmay_wavy_crystal, hiddenorc1_lemuel, serial_shops, shop
D:13:     uniq_urug
D:14:     orc_temple, lightli_vaults_fourway_checkpoint, tso_metal_star,
          grunt_ministairs_10, nicolae_qazlal_style_of_elements, uniq_snorg
D:15:     grunt_enter_depths_hoard, cheibriados_altar_1
Temple:   lightli_temple_of_artemis
Lair:1:   st_stairs_13, grunt_megastairs_5, infiniplex_staircase_pool_2,
          serial_bayou_shore_b
Lair:2:   beast_lair_carwin_large_1, special_room, serial_bayou_shore_a,
          grunt_megastairs_4
Lair:3:   minmay_lair_oklob_chamber, lemuel_fruit_tree
Lair:4:   minmay_shoals_entry_lonely_mermaid, spider_nest_entry_web_field,
          grunt_forest_large_clearing_hut, uniq_rupert
Lair:5:   gammafunk_lair_enchanted_lake, uniq_josephine
Lair:6:   grunt_lair_end_beastmaster, dpeg_slime_entry_enclosed_altar,
          minmay_stone_trees_medium
Shoals:2: uniq_nikola
Shoals:3: serial_shops, shop, portal_ice_cave_entry_dragon
Shoals:4: shoals_end_grunt_ice, shoals_ilsuiw_alternative
Spider:1: uniq_louise
Spider:2: hangedman_stitches_earthworm, uniq_arachne
Spider:4: grunt_spider_rune_circles, zaba_antful_of_joy, uniq_jorgrun
Slime:1:  cheibrodos_slime_lost_civilization_5
Orc:1:    serial_shops, nicolae_shop_stone, nicolae_shop_behind_doors, shop
Orc:2:    st_orc_mages
Elf:1:    eino_elf_arrival_customs, serial_shops, nicolae_shop_stone,
          kennysheep_underground_church, grunt_megastairs_3
Elf:3:    minmay_elf_hall_spiked, serial_shops, nicolae_shop_waterfront,
          minmay_shoptagon, uniq_aizul
Vaults:1: ontoclasm_vaults_decontamination, nicolae_vaults_little_squares_6,
          v_alt_pattern_5, hangedman_vaults_impose, vaults_room_hallway,
          v_misc_11, st_cells, v_misc_12, v_misc_5, vaults_room_semicircle
Vaults:2: hangedman_vaults_unwind, v_alt_pattern_4, grunt_vaults_twisty,
          ontoclasm_vaults_bender, ontoclasm_vaults_shuriken,
          vaults_room_fancy_cross, vaults_dpeg_spiral,
          ontoclasm_vaults_ring_small, v_alt_pattern_3, st_squares,
          hangedman_vaults_restitches, ontoclasm_vaults_chip,
          hangedman_vaults_slice, serial_shops, nicolae_shop_behind_doors,
          uniq_margery
Vaults:3: v_misc_25, dpeg_vaults_monster_box, nicolae_vaults_alarming,
          v_misc_30, v_misc_16, minmay_crypt_entry_simple_sparse,
          v_alt_pattern_2, v_pattern_1, vaults_room_guarded_vault,
          ontoclasm_vaults_ring_small, nicolae_vaults_circle_grid_a,
          grunt_vaults_bifocal, ontoclasm_vaults_loading_screen,
          vaults_room_pool, vaults_mumra_chevron_long, v_misc_32
Vaults:4: ontoclasm_vaults_ring_square, nicolae_vaults_little_squares_5,
          vaults_mumra_minichess, nicolae_vaults_mini_display_case, st_cross,
          nicolae_vaults_what_the_h, ontoclasm_vaults_idyll, vaults_room_pool,
          hangedman_vaults_nails, vaults_room_corners, serial_shops, shop_coins
Vaults:5: serial_shops
Crypt:1:  minmay_guarded_unrand_majin_bo, minivault_24
Crypt:2:  minmay_guarded_unrand_sceptre_of_torment, basic_altar,
          minigarden_bobbens
Crypt:3:  evilmike_haunted_forest, uniq_jory
Depths:1: minmay_door_square, marbit_kobold_abyss_entry, enter_trove_5,
          hell_entry, hangedman_decor_peaks_small, ice2_lemuel,
          serial_bayou_shore_b, uniq_mara
Depths:2: angbandy_vault, pan_entry, pf_hell_entry_tar_spiral,
          minmay_misc_feat_encased, minmay_variable_closet, st_stairs_6,
          infiniplex_staircase_star
Depths:3: minmay_expanding_squares, hell_entry, serial_sigils_hangedman_shear,
          grunt_pan_entry_zigzag
Depths:4: grunt_twisty_corner, enter_ziggurat_e, hellmouth_1, abyss_entry
Depths:5: grunt_zot_entry_alcove, grunt_pan_entry_sceptre, hell_entry,
          serial_shops, shop, nicolae_shop_behind_doors, shop
IceCv:    ice_cave_caverns_02

Skill      XL: |  1  2  3  4  5  6  7  8  9 10 11 12 13 14 15 16 17 18 19 20 21 22 23 24 25 26 27 |
---------------+----------------------------------------------------------------------------------+-----
Ice Magic      | 4 5 6 7 9 12 14 15 17 20 21 | 21.2
Spellcasting   | 3 4 5 6 7 8 10 11 14 15 16 17 18 20 | 20.5
Conjurations   | 2 3 4 6 7 9 10 12 14 15 16 17 21 | 21.2
Summonings     | 2 |  2.0
Armour         | 3 5 9 15 | 15.0
Shields        | 3 5 |  5.0
Fighting       | 3 5 8 9 10 12 15 | 15.8
Charms         | 4 5 7 10 | 10.5
Dodging        | 3 5 9 |  9.0
Air Magic      | 5 8 11 12 15 17 20 21 24 25 | 25.7
Evocations     | 3 5 8 |  8.4
Stealth        | 3 |  3.0
Fire Magic     | 7 8 18 | 18.9
Staves         | 5 |  5.9

Action                   |  1- 3 |  4- 6 |  7- 9 | 10-12 | 13-15 | 16-18 | 19-21 | 22-24 | 25-27 || total
-------------------------+-------+-------+-------+-------+-------+-------+-------+-------+-------++-------
Melee: Unarmed           |     8 |       |       |       |       |       |       |       |       ||     8
       Mace              |    13 |     8 |       |       |       |       |       |       |       ||    21
       Dagger            |       |     8 |     2 |       |   114 |   188 |    79 |    35 |   134 ||   560
       Hand axe          |       |       |    97 |    81 |       |       |       |       |       ||   178
       War axe           |       |       |       |    30 |    43 |       |       |       |       ||    73
       Trident           |       |       |       |       |    52 |       |       |       |       ||    52
       Quarterstaff      |       |       |       |       |       |       |       |       |    58 ||    58
Throw: Tomahawk          |       |     1 |       |       |       |       |       |       |       ||     1
 Cast: Freeze            |    63 |    92 |   149 |   112 |    72 |       |       |       |       ||   488
       Throw Frost       |       |     5 |   114 |   208 |   299 |    58 |     5 |     2 |       ||   691
       Throw Icicle      |       |       |    29 |   151 |   260 |   523 |   375 |   238 |    31 ||  1607
       Summon Ice Beast  |       |       |    15 |    27 |     8 |    12 |     3 |     7 |       ||    72
       Ozocubu's Armour  |       |       |       |     8 |    19 |       |       |       |       ||    27
       Lightning Bolt    |       |       |       |       |    84 |    55 |   110 |     7 |       ||   256
       Stone Arrow       |       |       |       |       |     7 |       |       |       |       ||     7
       Freezing Cloud    |       |       |       |       |    38 |    39 |    24 |    13 |     5 ||   119
       Ozocubu's Refrige |       |       |       |       |    20 |    59 |   124 |    53 |   109 ||   365
       Deflect Missiles  |       |       |       |       |     2 |     8 |     2 |     5 |    10 ||    27
       Iskenderun's Batt |       |       |       |       |       |    13 |     5 |       |       ||    18
       Bolt of Fire      |       |       |       |       |       |     6 |    41 |    39 |   327 ||   413
       Fireball          |       |       |       |       |       |       |    26 |    17 |    55 ||    98
       Bolt of Cold      |       |       |       |       |       |       |       |    82 |   406 ||   488
       Tornado           |       |       |       |       |       |       |       |     6 |    45 ||    51
       Orb of Destructio |       |       |       |       |       |       |       |       |    15 ||    15
       Ignition          |       |       |       |       |       |       |       |       |    68 ||    68
       Blink             |       |       |       |       |       |       |       |       |     1 ||     1
 Abil: Hop               |     1 |       |     6 |     3 |     7 |     1 |     6 |     2 |    10 ||    36
Evoke: Wand              |       |       |       |     2 |    13 |     1 |     1 |     1 |       ||    18
       Lamp of fire      |       |       |       |       |     1 |       |     3 |     2 |     4 ||    10
       Lightning rod     |       |       |       |       |       |       |     2 |       |       ||     2
       Fan of gales      |       |       |       |       |       |       |       |       |     1 ||     1
  Use: Scroll            |       |    13 |     9 |    13 |     9 |     6 |     8 |     9 |    22 ||    89
       Potion            |       |       |       |       |       |     1 |       |     4 |     9 ||    14
 Stab: Sleeping          |     1 |       |     3 |     1 |       |       |     1 |       |       ||     6
       Distracted        |       |       |       |     2 |     1 |     3 |     1 |       |       ||     7
  Eat: Chunk             |     2 |    10 |    26 |    31 |    49 |    32 |    33 |    13 |    31 ||   227
       Royal jelly       |       |       |     2 |     2 |       |     2 |     3 |     5 |     4 ||    18
       Fruit             |       |       |       |    10 |    12 |     6 |     2 |     4 |    14 ||    48
       Meat ration       |       |       |       |     1 |     2 |     1 |     2 |       |     3 ||     9
       Bread ration      |       |       |       |       |     2 |     1 |       |     2 |     7 ||    12
Armor: Robe              |    31 |    14 |    52 |    13 |    68 |       |       |       |       ||   178
       Leather armour    |       |       |       |   113 |    45 |       |       |       |       ||   158
       Scale mail        |       |       |       |       |    73 |   219 |   154 |    42 |   230 ||   718
Dodge: Dodged            |    57 |    80 |   133 |   211 |   239 |   212 |   182 |    83 |   266 ||  1463
       Deflected         |       |       |       |       |    14 |    52 |    35 |    43 |    96 ||   240
Block: Buckler           |       |       |       |   168 |   278 |   296 |   243 |   134 |   354 ||  1473
       Reflection        |       |       |       |    10 |    21 |    56 |    49 |    30 |    81 ||   247
